 Dungeon Crawl Stone Soup version 0.32-a0-560-g4c7f4391e0 (webtiles) character file.

Game seed: 5730899008327256946

419 cforsyth the Cudgeller (level 6, -2/48 HPs)
             Began as a Mountain Dwarf Necromancer on Feb 29, 2024.
             Slain by a black bear (3 damage)
             ... on level 4 of the Dungeon.
             The game lasted 00:08:30 (3813 turns).

cforsyth the Cudgeller (Mountain Dwarf Necromancer) Turns: 3813, Time: 00:08:31

Health: -2/48      AC:  8    Str: 10    XL:     6   Next: 62%
Magic:  8/8        EV:  5    Int: 21    God:
Gold:   254        SH:  5    Dex: 10    Spells: 7/8 levels left

rFire   + + +        p - +3 hammer (heavy)
rCold   . . .        (no shield)
rNeg    . . .        m - +0 chain mail of the Blessed Realm {rF+ Int+3}
rPois   .            (no helmet)
rElec   .            (no cloak)
rCorr   .            (no gloves)
SInv    +            (no boots)
Will    .....        t - amulet of Past Mistakes {Reflect rF++ SH+5} Stlth
                     F - ring of protection from fire
HPRegen 0.28/turn    v - ring of see invisible
MPRegen 0.11/turn

%: reflection
@: no status effects
A: runic magic, artefact enchanting
a: no special abilities


You were on level 4 of the Dungeon.
You visited 1 branch of the dungeon, and saw 5 of its levels.

You collected 254 gold pieces.


Innate Abilities, Weirdness & Mutations

Your spellcasting is much less encumbered by armour.
You can use scrolls of enchantment on lesser artefacts.


   Skills:
 - Level 2.0 Fighting
 + Level 4.8 Maces & Flails
 - Level 1.3 Dodging
 - Level 1.4 Stealth
 - Level 1.7 Spellcasting
 - Level 4.6 Necromancy
 + Level 4.1 Ice Magic


You had 7 spell levels left.
You knew the following spells:

 Your Spells              Type           Power      Damage    Failure   Level
X - Necrotise             Necr           84%        1d8       6%          1

Your spell library contained the following spells:

 Spells                   Type           Power      Damage    Failure   Level
 Freeze                   Ice            76%        1d8       7%          1
 Vampiric Draining        Necr           21%        2d7       17%         3
 Frozen Ramparts          Ice            38%        1d6       22%         3
 Hailstorm                Conj/Ice       10%        3d6       45%         3
 Animate Dead             Necr           21%        N/A       50%         4
 Lesser Beckoning         Tloc           2%         N/A       52%         2
 Gell's Gravitas          Tloc           1%         N/A       75%         3
 Teleport Other           Tloc           1%         N/A       75%         3
 Curse of Agony           Necr           21%        N/A       85%         5

Inventory:

Hand Weapons
 l - a +0 club
 p - a +3 heavy hammer (weapon)
Missiles
 k - a throwing net {=f}
Armour
 a - a +0 robe
 i - a +0 chain mail
 m - the +0 chain mail of the Blessed Realm (worn) {rF+ Int+3}
   (You found it on level 2 of the Dungeon)

   Int+3:     It affects your intelligence (+3).
   rF+:       It protects you from fire.
Jewellery
 t - the amulet of Past Mistakes (around neck) {Reflect rF++ SH+5}
   (You found it on level 3 of the Dungeon)

   [amulet of reflection]

   Reflect:   It reflects blocked missile attacks.
   rF++:      It greatly protects you from fire.
   SH+5:      It affects your SH (+5).
 v - a ring of see invisible (right hand)
 C - a ring of protection from cold
 F - a ring of protection from fire (left hand)
Wands
 s - a wand of paralysis (2)
Scrolls
 d - 2 scrolls of noise {unknown}
 f - 2 scrolls of poison {unknown}
 g - 3 scrolls of identify {unknown}
 h - 2 scrolls of fog {unknown}
 j - a scroll of vulnerability {unknown}
 n - a scroll of enchant armour {unknown}
 o - a scroll of amnesia {unknown}
 r - a scroll of fear {unknown}
 w - a scroll of immolation {unknown}
 x - 2 scrolls of teleportation {unknown}
 y - a scroll of revelation {unknown}
Potions
 b - a potion of magic
 c - a potion of cancellation {unknown}
 e - a potion of brilliance {unknown}
 q - a potion of might {unknown}
 u - a potion of curing {unknown}

Dungeon Overview and Level Annotations

Branches:
Dungeon (5/15)
 Temple: D:4-7

Altars:
Ashenzari
Elyvilon
Nemelex Xobeh
Ru
Sif Muna
Trog
Vehumet
The Shining One

Annotations:
D:2 1 runed translucent door, Crazy Yiuf

......##.....#...................
...##.####.###...................
....#...#...#.............#......
.....#..#...............###......
.....#.).................##......
.........#..........▒▒ß..ß▒▒.....
.ß.ß.ß...##.........▒▒....⌠▒.....
.........#.....##h..▒▒▒..▒▒▒#....
.ß.ß............@...▒⚑....⚑▒###..
.#....##............▒▒▒..▒▒▒ #...
.##...#..........#..▒▒....⚑▒##...
###.............##..▒▒▒..▒▒▒.....
##.............#..▒▒....▒▒..÷#.
#..........#.....▒▒▒..▒▒▒...##
##....)....###...▒......▒..###
#..)).....####..▒▒⚑⚑.⚑▒▒...##
##..........###..▒▒▒▒▒▒▒▒##.##


You could see a black bear (berserk).


Message History

The black bear is heavily wounded.
The black bear bites you.
The black bear claws you but does no damage.
You block the black bear's attack. The black bear bites you.
* * * LOW HITPOINT WARNING * * *
The black bear claws you.
* * * LOW HITPOINT WARNING * * *
The black bear barely misses you.
You sock the black bear!
The black bear is almost dead.
The black bear goes berserk!
Unknown command.
You hit the black bear.
The black bear is almost dead.
The black bear bites you!
* * * LOW HITPOINT WARNING * * *
The black bear claws you but does no damage.
You block the black bear's attack. The black bear bites you.
* * * LOW HITPOINT WARNING * * *
The black bear barely misses you. The black bear claws you.
* * * LOW HITPOINT WARNING * * *
The black bear bites you.
* * * LOW HITPOINT WARNING * * *
The black bear claws you but does no damage. x2
You barely miss the black bear.
The black bear is almost dead.
The black bear barely misses you. The black bear claws you.
* * * LOW HITPOINT WARNING * * *
The black bear claws you.
You die...

Skill      XL: |  1  2  3  4  5  6 |
---------------+-------------------+-----
Fighting       | 1 2 |  2.0
Ice Magic      | 1 2 3 4 |  4.1
Maces & Flails | 1 2 4 |  4.8
Dodging        | |  1.3
Stealth        | |  1.4
Spellcasting   | |  1.7
Necromancy     | |  4.6

Action                     |  1- 3 |  4- 6 || total
---------------------------+-------+-------++-------
  Melee: Short sword       |    43 |       ||    43
         Mace              |    17 |    74 ||    91
         Club              |     6 |       ||     6
   Cast: Necrotise         |    49 |       ||    49
  Evoke: Wand              |       |     4 ||     4
   Stab: Sleeping          |     1 |       ||     1
         Paralysed         |       |     4 ||     4
 Armour: Robe              |    24 |       ||    24
         Chain mail        |    61 |   154 ||   215
  Dodge: Dodged            |    41 |    43 ||    84
  Block: Other             |       |    29 ||    29
         Reflection        |       |     2 ||     2

Levels and vault maps discovered:
D:1:      heliophobic_arrival_battle_scene, layout_basic
D:2:      cheibrodos_old_hovel, layout_loops_cross, kennysheep_boxes,
          uniq_crazy_yiuf_cottage
D:3:      layout_rooms, nicolae_sif_muna_little_library
D:4:      layout_cave_pools, vehumet_crystals, minitemple, serial_column_ruins,
          column_ruins_circle_medium, column_ruins_hut,
          column_ruins_corridor_corner, column_ruins_open_small,
          column_ruins_corridor_dead_end
D:5:      layout_gridville, nicolae_qazlal_general_emergency,
          hangedman_decor_growths, uniq_ijyb

Notes
Turn   | Place    | Note
-------+----------+-------------------------------------------
     0 | D:1      | cforsyth the Mountain Dwarf Necromancer began the quest for
                  | the Orb.
     0 | D:1      | Reached XP level 1. HP: 14/14 MP: 3/3
   149 | D:1      | Reached skill level 1 in Fighting
   327 | D:1      | Reached XP level 2. HP: 17/23 MP: 4/4
  1124 | D:1      | Reached skill level 1 in Ice Magic
  1302 | D:2      | Reached skill level 2 in Fighting
  1356 | D:2      | Reached XP level 3. HP: 29/29 MP: 3/5
  1700 | D:2      | Identified the +0 chain mail of the Blessed Realm {rF+
                  | Int+3}
  2215 | D:2      | Found a runed translucent door.
  2220 | D:2      | Noticed Crazy Yiuf
  2390 | D:3      | Reached skill level 1 in Maces & Flails
  2409 | D:3      | Reached skill level 2 in Ice Magic
  2438 | D:3      | Reached XP level 4. HP: 29/36 MP: 6/6
  2750 | D:3      | Identified the amulet of Past Mistakes {Reflect rF++ SH+5}
  2798 | D:3      | Reached skill level 2 in Maces & Flails
  2813 | D:3      | Found a shimmering blue altar of Sif Muna.
  2897 | D:3      | Reached XP level 5. HP: 34/41 MP: 7/7
  3051 | D:4      | Reached skill level 3 in Maces & Flails
  3051 | D:4      | Reached skill level 3 in Ice Magic
  3114 | D:4      | Noticed a black bear
  3126 | D:4      | Killed a black bear
  3127 | D:4      | Reached skill level 4 in Maces & Flails
  3127 | D:4      | Reached XP level 6. HP: 21/48 MP: 8/8
  3263 | D:5      | Entered Level 5 of the Dungeon
  3498 | D:4      | Found a radiant altar of Vehumet.
  3562 | D:4      | Found a glowing golden altar of the Shining One.
  3593 | D:4      | Found a sacrificial altar of Ru.
  3594 | D:4      | Found a white marble altar of Elyvilon.
  3594 | D:4      | Found a bloodstained altar of Trog.
  3594 | D:4      | Found a sparkling altar of Nemelex Xobeh.
  3594 | D:4      | Found a broken altar of Ashenzari.
  3807 | D:4      | Reached skill level 4 in Ice Magic
  3813 | D:4      | HP: 1/48 [black bear (6)]
  3813 | D:4      | Slain by a black bear

Vanquished Creatures
  A black bear (D:4)
  A centaur (D:4)
  A bombardier beetle (D:3)
  A hound (D:4)
  4 gnolls (D:4)
  4 adders
  3 ribbon worms
  5 orcs (D:3)
  6 endoplasms
  3 giant cockroaches
  2 hobgoblins
  7 jackals
  3 quokkas
  3 ball pythons
  6 bats
  5 frilled lizards
  4 goblins
  6 kobolds
  2 rats
67 creatures vanquished.

Vanquished Creatures (others)
  A bombardier beetle (D:3)
1 creature vanquished.

Grand Total: 68 creatures vanquished

Table legend: (Time is in decaauts)
 A = Elapsed time spent in this place.
 B = Non-inter-level travel time spent in this place.
 C = Inter-level travel time spent in this place.
 D = Time resting spent in this place.
 E = Time spent auto-exploring this place.
 F = Levels seen in this place.
 G = Mean time per level.
                   A        B        C        D        E       F      G
               +--------+--------+--------+--------+--------+-----+--------+
         Total |   3892 |   3767 |    125 |      0 |   3105 |   5 |  778.4 |
       Dungeon |   3892 |   3767 |    125 |      0 |   3105 |   5 |  778.4 |
               +--------+--------+--------+--------+--------+-----+--------+

Top non-repeatable levels by time:
     D:1: 1269 daAuts
     D:2: 1093 daAuts
     D:4: 819 daAuts
     D:3: 700 daAuts
     D:5: 10 daAuts

Table legend:
 A = Non-vault XP
 B = Vault XP
 C = Vault XP percentage of total XP
 D = Non-vault monster count
 E = Vault monster count
 F = Vault count percentage of total count
                 A         B        C        D         E       F
            +---------+---------+-------+---------+---------+-------
      Total |     597 |       2 |   0.3 |      67 |       1 |   1.5
            +---------+---------+-------+---------+---------+-------
        D:1 |      35 |       0 |   0.0 |      23 |       0 |   0.0
        D:2 |      42 |       2 |   4.5 |      11 |       1 |   8.3
        D:3 |     129 |       0 |   0.0 |      18 |       0 |   0.0
        D:4 |     391 |       0 |   0.0 |      15 |       0 |   0.0
            +---------+---------+-------+---------+---------+-------
